riotbit, chaotic male elven Ranger --- -------- |<..--- ------.......-- |.....---|.........--..| --..|....|.-------- |..| --.|-..[..--- ---- --|.........| ----.|....| -----..| |..| --@d.a.. |....@. ---.... ... ..... ...{... ....... ...... ..--- riotbit the Trailblazer Experience level: 6 Strength: 17 Dexterity: 9 Constitution: 15 Intelligence: 13 Wisdom: 18 Charisma: 7 Health: 0(39) Energy: 47(47) Def: 3 Gold: 226 Moves: 4006 Dungeon seed: ljVso_dXMSzNHxWi Game ID: riotbit_1449923368 Your Inventory: Coins $ - 226 gold pieces Weapons a - a +1 elven dagger (alternate weapon; not wielded) b - a +1 elven bow (weapon in hand) c - 25 +2 elven arrows (in quiver) d - 35 blessed +0 elven arrows p - 4 +0 crossbow bolts q - a +0 crossbow r - 12 +0 darts M - 13 cursed -1 arrows O - a +0 bow U - a +0 arrow Armor e - an uncursed +2 elven cloak (being worn) v - an uncursed +0 pair of low boots y - a cursed +0 dwarvish mithril-coat z - an uncursed +0 dwarvish iron helm N - an uncursed +0 pair of iron shoes Comestibles f - 2 uncursed lembas wafers k - an uncursed sprig of wolfsbane R - an uncursed egg Scrolls g - 2 uncursed scrolls of identify A - an uncursed scroll of gold detection T - an uncursed scroll of enchant armor Spellbooks w - an uncursed spellbook of blank paper Potions m - an uncursed potion of extra healing s - a cursed potion of blindness H - an uncursed potion of healing L - an uncursed potion of gain energy Rings h - an uncursed +1 ring of increase damage Wands C - a wand of teleportation (0:5) F - a wand of magic missile (0:6) K - a wand of teleportation (0:8) Tools j - an uncursed bell t - 5 uncursed tallow candles (0:200) u - a blessed wax candle (0:400) D - a +0 pick-axe E - an uncursed tin whistle G - a cursed wax candle (0:400) P - an uncursed leash Q - 2 uncursed wax candles (0:400) Gems n - an uncursed turquoise stone x - 2 uncursed worthless pieces of red glass S - an uncursed aquamarine stone Y - an uncursed worthless piece of green glass Spells and supernatural/magical abilities: Name Level Category Fail Memory W - pray for help -- divine ? -- Your skills at the end: Fighting Skills Weapon Skills dagger [Basic] bow [Skilled] Spellcasting Skills Final Attributes: You were piously aligned. You were sleep resistant. You had automatic searching. You had infravision. You were stealthy. You are dead. Vanquished creatures: a gnome king a shrieker 6 gnome lords 8 dwarves a rothe a rabid rat 3 orc zombies a wererat an iguana a gas spore a hobbit a large kobold 3 cave spiders a green mold 27 gnomes 3 geckos 2 jackals 2 foxes 2 kobolds 3 goblins 9 sewer rats 12 grid bugs a bat 5 lichens a kobold zombie 11 newts 108 creatures vanquished. Voluntary challenges: You had followed a strict vegan diet until turn 3045. You had followed a strict vegetarian diet until turn 3045. You were an atheist. You used a wielded weapon 3 times, starting on turn 1629. You were illiterate. You never genocided any monsters. You never polymorphed an object. You never changed form. You used no wishes. You never split a pudding. You never wrote Elbereth's name. You never violated your personal moral code. Dungeon overview: The Dungeons of Doom: levels 1 to 2 Level 1 a fountain a long staircase Level 2 a fountain stairs to The Gnomish Mines The Gnomish Mines: levels 3 to 6 Level 3 stairs to The Dungeons of Doom Level 4 Level 5 Level 6 <- You were here a fountain History has recorded: On T:1 you entered the Dungeons of Doom to retrieve the Amulet of Yendor! On T:1347 you advanced to experience level 2. On T:1358 you advanced to experience level 3. On T:1685 you reached level 2 of The Dungeons of Doom. On T:1829 you advanced to experience level 4. On T:2096 you reached level 1 of The Gnomish Mines. On T:2312 you advanced to experience level 5. On T:2947 you reached level 2 of The Gnomish Mines. On T:3253 you reached level 3 of The Gnomish Mines. On T:3255 you advanced to experience level 6. On T:3923 you reached level 4 of The Gnomish Mines. Score breakdown: Gold: 226 ( 8014 points) Experience: 6 levels (12456 points) Exploration: 6 levels ( 12.24%) ( 9682 points) Discoveries: 1 item ( 0.34%) ( 1761 points) Valuables value: (no points given unless you survive) Artifact value: 0 ( 0 points) Variety of kills: 26 monsters ( 6.82%) ( 7836 points) Turncount: 4006 turns (-1027 points) Survival: died (score multiplied by 80%) Total score: 30977 Latest messages: The soldier ant bites! You die... Final status: Goodbye riotbit the Ranger, killed by a soldier ant... You died in The Gnomish Mines on dungeon level 6 with 30977 points, and 226 pieces of gold, after 4006 moves. You were level 6 with a maximum of 39 hit points when you died.